 Dungeon Crawl Stone Soup version 0.23.0-3-gf3c87f2 (webtiles) character file.

Game seed: 13041181075072806957

2422 Madoushi the Cleaver (level 9, -3/81 HPs)
             Began as a Minotaur Berserker on Feb 21, 2019.
             Was an Elder of Trog.
             Slain by a vampire (13 damage)
             ... on level 8 of the Dungeon.
             The game lasted 00:19:21 (6371 turns).

Madoushi the Cleaver (Minotaur Berserker)           Turns: 6371, Time: 00:19:21

Health: -3/81      AC:  7    Str: 25    XL:     9   Next: 24%
Magic:  8/8        EV: 14    Int:  4    God:    Trog [****..]
Gold:   477        SH:  0    Dex: 10    Spells: 8/8 levels left

rFire    . . .     SeeInvis +   b - +0 hand axe (freeze)
rCold    . . .     Gourm    +   (no shield)
rNeg     . . .     Faith    .   p - +3 leather armour
rPois    +         Spirit   .   (helmet restricted)
rElec    .         Reflect  .   F - +0 cloak
rCorr    .         Harm     .   (no gloves)
MR       ++...                  (no boots)
Stlth    ++........             x - amulet of the gourmand
HPRegen  1.23/turn              s - ring of see invisible
MPRegen  0.11/turn              H - ring of poison resistance

@: regenerating
A: retaliatory headbutt, horns 2
a: Berserk, Trog's Hand, Brothers in Arms, Renounce Religion


You were on level 8 of the Dungeon.
You worshipped Trog.
Trog was greatly pleased with you.
You were not hungry.

You visited 1 branch of the dungeon, and saw 8 of its levels.
You also visited: Ossuary.

You collected 477 gold pieces.

Inventory:

Hand Weapons
 a - a +1 hand axe
 b - a +0 hand axe of freezing (weapon)
 i - a +0 mace of crushing
Armour
 p - a +3 leather armour (worn)
 w - a +1 leather armour
 F - a +0 cloak (worn)
Jewellery
 s - a ring of see invisible (left hand)
 u - an uncursed ring of resist corrosion
 x - an amulet of the gourmand (around neck)
 H - a ring of poison resistance (right hand)
Wands
 h - a wand of acid (6)
 C - a wand of polymorph (11)
Scrolls
 k - a scroll of blinking {unknown}
 l - 2 scrolls of enchant armour
 v - 6 scrolls of teleportation
 y - a scroll of fog {unknown}
 A - 2 scrolls of magic mapping
 D - a scroll of immolation {unknown}
 E - a scroll of remove curse
 G - a scroll of acquirement {unknown}
Potions
 d - 3 potions of lignification {unknown}
 e - a potion of magic {unknown}
 f - 2 potions of haste {unknown}
 g - a potion of heal wounds
 j - 2 potions of flight {unknown}
 m - 4 potions of curing
 n - a potion of invisibility
 o - 3 potions of might {unknown}
 q - 5 potions of agility
 t - 4 potions of berserk rage
 z - a potion of degeneration {unknown}
 B - 3 potions of brilliance {unknown}
Comestibles
 c - 12 rations


   Skills:
 + Level 8.1 Fighting
 + Level 10.5 Axes
 + Level 4.5 Armour
 + Level 6.2 Dodging
 + Level 2.6 Stealth


You had 8 spell levels left.
You didn't know any spells.
Your spell library contained the following spells:

 Spells                   Type           Power        Failure   Level  Hunger
 Confusing Touch          Hex            #.....       54%         1    ##.....
 Confuse                  Hex            #.......     88%         3    ####...
 Gell's Gravitas          Tloc           #.........   88%         3    ####...
 Petrify                  Tmut/Erth      #.......     99%         4    #####..
 Metabolic Englaciation   Hex/Ice        #.........   100%        5    ######.
 Yara's Violent Unravell  Hex/Tmut       #.........   100%        5    ######.


Dungeon Overview and Level Annotations

Branches:
Dungeon (8/15)             Temple (0/1) D:6
   Lair: D:8-11

Altars:
Fedhas
Gozag
Makhleb
Trog
Vehumet
Wu Jian
Xom

Shops:
D:6 [


Innate Abilities, Weirdness & Mutations

You reflexively headbutt those who attack you in melee.
You have a pair of horns on your head.


Message History

The vampire bites you.
* * * LOW HITPOINT WARNING * * *
The vampire draws strength from your injuries!
You hit the vampire.
The vampire is lightly damaged.
The vampire hits you.
* * * LOW HITPOINT WARNING * * *
The vampire barely misses you.
You feel better. The vampire misses you. The vampire bites you.
* * * LOW HITPOINT WARNING * * *
The vampire draws strength from your injuries!
You hit the vampire but do no damage. The vampire hits you!
* * * LOW HITPOINT WARNING * * *
The vampire barely misses you.
You closely miss the vampire. You headbutt the vampire!
The vampire is heavily damaged.
You completely miss the vampire.
The vampire is heavily damaged.
The vampire hits you!
You die...

#.# ..# # #.# .. .. #.#
.. #..###.# . ?..#.# .#
...#####.#####
############.##.(.......
..........†.....@V......
############.##.........
.......<.....##.....<...
########################


You could see a vampire (invisible).

Vanquished Creatures
  Prince Ribbit (D:7)
  A wraith (Ossuary)
  A hungry ghost (D:7)
  Menkaure (D:5)
  Duvessa (D:7)
  2 ice beasts
  2 sky beasts
  A phantom (D:6)
  2 centaurs (D:5)
  4 bullfrogs
  Dowan (D:7)
  2 scorpions
  5 crimson imps
  A hound (D:7)
  A centaur skeleton (D:6)
  A bullfrog skeleton (D:6)
  An orc priest (D:3)
  A jelly (D:6)
  An orc wizard (D:4)
  An iguana (D:6)
  2 worker ants (D:4)
  A mummy (Ossuary)
  A howler monkey zombie (D:6)
  A worker ant zombie (D:5)
  8 gnolls
  5 adders
  An ooze (D:4)
  4 dart slugs
  3 worms
  A leopard gecko (D:5)
  18 orcs
  7 giant cockroaches
  5 goblins
  7 hobgoblins
  10 jackals
  11 bats
  6 frilled lizards
  5 gnoll skeletons (Ossuary)
  9 kobolds
  9 kobold skeletons (Ossuary)
  11 orc skeletons (Ossuary)
  9 rats
165 creatures vanquished.

Vanquished Creatures (others)
  A quokka (D:8)
1 creature vanquished.

Grand Total: 166 creatures vanquished

Notes
Turn   | Place    | Note
-------+----------+-------------------------------------------
     0 | D:1      | Madoushi the Minotaur Berserker began the quest for the
                  | Orb.
     0 | D:1      | Reached XP level 1. HP: 19/19 MP: 0/0
    99 | D:1      | Reached XP level 2. HP: 23/27 MP: 1/1
   164 | D:1      | Reached skill level 4 in Axes
   523 | D:1      | Reached ** piety under Trog
   567 | D:1      | Reached XP level 3. HP: 33/33 MP: 2/2
  1019 | D:2      | Noticed an ice beast
  1029 | D:2      | Killed an ice beast
  1029 | D:2      | Reached skill level 5 in Axes
  1029 | D:2      | Reached XP level 4. HP: 20/41 MP: 3/3
  1029 | D:2      | Reached XP level 5. HP: 23/47 MP: 4/4
  1527 | D:3      | Reached skill level 5 in Fighting
  1576 | D:3      | Found an opulent altar of Gozag.
  1664 | D:3      | Found a burning altar of Makhleb.
  1929 | D:3      | Reached skill level 6 in Axes
  1938 | D:3      | Reached XP level 6. HP: 35/56 MP: 5/5
  2564 | D:4      | Reached *** piety under Trog
  3529 | D:5      | Entered Level 5 of the Dungeon
  3590 | D:5      | Noticed Menkaure
  3599 | D:5      | Killed Menkaure
  3599 | D:5      | Reached skill level 7 in Axes
  3599 | D:5      | Reached skill level 1 in Stealth
  3599 | D:5      | Reached XP level 7. HP: 28/62 MP: 6/6
  3761 | D:5      | Found a radiant altar of Vehumet.
  3846 | D:5      | Found an ornate altar of the Wu Jian Council.
  4344 | D:6      | Found a sand-covered staircase.
  4360 | D:6      | Found a blossoming altar of Fedhas.
  4371 | Ossuary  | Entered an ossuary
  4371 | Ossuary  | Noticed a wraith
  4371 | Ossuary  | Noticed a wraith
  4371 | Ossuary  | Noticed a wraith
  4402 | Ossuary  | Reached **** piety under Trog
  4445 | Ossuary  | Noticed a wraith
  4466 | Ossuary  | Killed a wraith
  4466 | Ossuary  | Reached skill level 8 in Axes
  4466 | Ossuary  | Reached XP level 8. HP: 39/71 MP: 7/7
  4794 | D:6      | Found a bloodstained altar of Trog.
  4811 | D:6      | Found Luff's Armour Shoppe.
  4924 | D:6      | Reached skill level 5 in Dodging
  4945 | D:6      | Found a staircase to the Ecumenical Temple.
  5185 | D:6      | Reached skill level 9 in Axes
  5629 | D:7      | Found a shimmering altar of Xom.
  5698 | D:7      | Noticed Prince Ribbit
  5714 | D:7      | Killed Prince Ribbit
  5714 | D:7      | Reached skill level 10 in Axes
  5714 | D:7      | Reached XP level 9. HP: 52/81 MP: 8/8
  5991 | D:7      | Noticed Duvessa
  6006 | D:7      | Killed Duvessa
  6006 | D:7      | Noticed Dowan
  6028 | D:7      | Killed Dowan
  6364 | D:8      | HP: 2/81 [vampire/vampiric draining (15)]
  6371 | D:8      | Slain by a vampire

Skill      XL: |  1  2  3  4  5  6  7  8  9 |
---------------+----------------------------+-----
Axes           | 4 5 6 7 8 10 | 10.5
Fighting       | 4 5 6 7 8 |  8.1
Armour         | 3 4 |  4.5
Dodging        | 3 4 6 |  6.2
Stealth        | 1 2 |  2.6

Action                   |  1- 3 |  4- 6 |  7- 9 || total
-------------------------+-------+-------+-------++-------
Melee: Hand axe          |    65 |   187 |   238 ||   490
       Headbutt          |    13 |    37 |    44 ||    94
Invok: Trog's Hand       |       |     1 |     3 ||     4
       Berserk           |       |       |     1 ||     1
  Use: Scroll            |     6 |     4 |     6 ||    16
       Potion            |       |       |     3 ||     3
 Stab: Sleeping          |       |       |     1 ||     1
  Eat: Chunk             |       |     5 |     5 ||    10
       Ration            |       |     1 |     2 ||     3
Armor: Leather armour    |    37 |    54 |    41 ||   132
Dodge: Dodged            |    50 |   100 |   124 ||   274
